 Dungeon Crawl Stone Soup version 0.22-b1-26-g9dbaab1 (webtiles) character file.

314 nicolaieve the Basher (level 6, -3/51 HPs)
             Began as a Minotaur Berserker on Aug 6, 2018.
             Was a Priest of Trog.
             Slain by a mummy (17 damage)
             ... in an ossuary.
             The game lasted 00:10:20 (2277 turns).

nicolaieve the Basher (Minotaur Berserker)          Turns: 2277, Time: 00:10:20

Health: -3/51      AC:  6    Str: 22    XL:     6   Next: 19%
Magic:  5/5        EV: 11    Int:  4    God:    Trog [***...]
Gold:   192        SH:  0    Dex: 11    Spells: 5/5 levels left

rFire    . . .     SeeInvis .   a - +0 mace
rCold    . . .     Gourm    .   (no shield)
rNeg     . . .     Faith    .   k - +0 ring mail
rPois    .         Spirit   .   (helmet restricted)
rElec    .         Reflect  .   (no cloak)
rCorr    .         Harm     .   q - +0 pair of gloves
MR       .....                  (no boots)
Stlth    +.........             (no amulet)
HPRegen  0.17/turn              (no ring)
MPRegen  0.09/turn              (no ring)

@: starving
A: retaliatory headbutt, horns 2
a: Berserk, Trog's Hand, Renounce Religion


You were in an ossuary.
You worshipped Trog.
Trog was most pleased with you.
You were starving.

You visited 1 branch of the dungeon, and saw 4 of its levels.
You also visited: Ossuary.

You collected 192 gold pieces.

Inventory:

Hand Weapons
 a - a +0 mace (weapon)
Armour
 k - a +0 ring mail (worn)
 q - a +0 pair of gloves (worn)
Wands
 d - a wand of flame (19)
Scrolls
 b - 2 scrolls of teleportation {unknown}
 e - 6 scrolls of identify {unknown}
 m - 2 scrolls of remove curse {unknown}
 n - a scroll of blinking {unknown}
 r - a scroll of amnesia {unknown}
Potions
 f - a potion of agility {unknown}
 g - a potion of magic {unknown}
 h - 2 potions of berserk rage {unknown}
 i - 2 potions of heal wounds {unknown}
 j - a potion of haste {unknown}
 l - 3 potions of curing {unknown}
 o - 2 potions of cancellation {unknown}
Comestibles
 c - 7 rations


   Skills:
 - Level 3.6 Fighting
 + Level 8.4 Maces & Flails
 - Level 2.4 Armour
 - Level 2.1 Dodging


You had 5 spell levels left.
You didn't know any spells.
Your spell library was empty.

Dungeon Overview and Level Annotations

Branches:
Dungeon (4/15)
 Temple: D:4-7

Altars:
Okawaru
Qazlal
Ru


Innate Abilities, Weirdness & Mutations

You reflexively headbutt those who attack you in melee.
You have a pair of horns on your head.


Message History

Unknown command.
You feel sick.
You feel a strong urge to attack something.
You are no longer berserk.
You are exhausted.
You feel yourself slow down.
You feel sick.
You feel sick.
You feel sick.
You feel sick.
You feel sick.
You are no longer poisoned.
You feel yourself speed up.
You recover from your berserk rage.
Something unseen opens the door.
You are starving!
The mummy hits you!
* * * LOW HITPOINT WARNING * * *
The mummy hits you!
You die...

#############
#.....#.....#
#.....#.....+
#.....8.....#
#...........#
#...........#
###8.@...8###
#....M......#
#...........#
#.....8.....#
#.....#.....#
#.....#.....#
##'#######'##########
.. #!.M#.^^#...#...#
+!.?#...'...8...#


You could see a mummy.

Vanquished Creatures
  3 scorpions (Ossuary)
  A big kobold zombie (Ossuary)
  Robin (D:3)
  3 scorpion zombies (Ossuary)
  2 adders
  2 worms
  2 dart slugs (D:2)
  A leopard gecko (D:1)
  4 orcs (D:3)
  2 ball pythons
  4 giant cockroaches (D:1)
  16 goblins
  7 hobgoblins
  5 jackals
  2 quokkas
  5 bats
  8 frilled lizards
  A goblin zombie (Ossuary)
  A hobgoblin zombie (Ossuary)
  3 kobolds
  A kobold zombie (Ossuary)
  2 orc zombies (Ossuary)
  6 rats
82 creatures vanquished.

Vanquished Creatures (others)
  A mummy (Ossuary)
1 creature vanquished.

Grand Total: 83 creatures vanquished

Notes
Turn   | Place    | Note
-------+----------+-------------------------------------------
     0 | D:1      | nicolaieve the Minotaur Berserker began the quest for the Orb.
     0 | D:1      | Reached XP level 1. HP: 19/19 MP: 0/0
    56 | D:1      | Reached skill level 4 in Maces & Flails
   144 | D:1      | Reached XP level 2. HP: 25/26 MP: 1/1
   590 | D:2      | Reached skill level 5 in Maces & Flails
   596 | D:2      | Found a sacrificial altar of Ru.
   634 | D:2      | Reached ** piety under Trog
   634 | D:2      | Reached XP level 3. HP: 24/31 MP: 2/2
  1293 | D:3      | Reached skill level 6 in Maces & Flails
  1293 | D:3      | Reached XP level 4. HP: 18/39 MP: 3/3
  1497 | D:3      | Found an iron altar of Okawaru.
  1594 | D:3      | Found a stormy altar of Qazlal.
  1675 | D:3      | Noticed Robin
  1691 | D:3      | Killed Robin
  1781 | D:3      | Reached *** piety under Trog
  1967 | D:4      | Found a sand-covered staircase.
  1975 | Ossuary  | Entered an ossuary
  1988 | Ossuary  | Reached skill level 7 in Maces & Flails
  1988 | Ossuary  | Reached XP level 5. HP: 45/45 MP: 4/4
  2184 | Ossuary  | Reached skill level 8 in Maces & Flails
  2193 | Ossuary  | Reached XP level 6. HP: 29/51 MP: 5/5
  2277 | Ossuary  | Slain by a mummy

Skill      XL: |  1  2  3  4  5 |
---------------+----------------+-----
Maces & Flails | 4 5 6 7 8 |  8.4
Fighting       | |  3.6
Armour         | |  2.4
Dodging        | |  2.1

Action                   |  1- 3 |  4- 6 || total
-------------------------+-------+-------++-------
Melee: Mace              |    89 |    94 ||   183
       Headbutt          |    16 |    20 ||    36
Invok: Berserk           |     2 |     2 ||     4
  Eat: Chunk             |     3 |     3 ||     6
Armor: Animal skin       |     4 |       ||     4
       Ring mail         |    33 |    28 ||    61
Dodge: Dodged            |    61 |    54 ||   115
